General information
- name: BNet
- type: Ladder team game (AT/RT)
- host: Battle.net
- saver: YeahYeahYeahs
map: FullScaleAssault
- players: 8
- length: 54:33
- speed: Fast
- version: 1.26 W3XP
- replay type: Public
» download(252 KB)
Players
team 1 (loser)

»
Born_in_USSR (
green | 28 APM | 1536 actions | 54:33)
6 Goblin Tinker
2 Pocket Factory
3 Cluster Rockets
1 Robo-Goblin
3 Keeper of the Grove
2 Entangling Roots
1 Force of Nature
1 Dark Ranger
1 Black Arrow
» actions
| Build / train | 95 | |
| Enter build submenu | 21 | |
| Enter hero's abilities submenu | 10 | |
| Give item / drop item | 4 | |
| Right click | 890 | |
| Select / deselect | 398 | |
| Use ability | 118 | |
1536 total
» units
| Wisp | 21 | |
| Archer | 6 | |
| Huntress | 3 | |
| Makrura Snapper | 1 | |
| Dryad | 8 | |
| Hippogryph | 6 | |
| Druid of the Claw | 6 | |
| Acolyte | 1 | |
52 total
» upgrades
| Abolish Magic | 1 | |
| Reinforced Hides | 3 | |
| Druid of the Claw Training | 2 | |
| Strength of the Wild | 2 | |
| Hippogryph Taming | 1 | |
9 total
» buildings
| Altar of Elders | 2 | |
| Moon Well | 9 | |
| Ancient of War | 1 | |
| Ancient of Wonders | 1 | |
| Hunter's Hall | 1 | |
| Tree of Ages | 1 | |
| Tree of Life | 1 | |
| Ancient Protector | 3 | |
| Ancient of Lore | 2 | |
| Tree of Eternity | 1 | |
| Ancient of Wind | 1 | |
23 total
» build order
00:27 Altar of Elders
00:35 Moon Well
00:53 Ancient of War
01:29 Moon Well
01:54 Moon Well
02:13 Ancient of Wonders
03:03 Hunter's Hall
04:37 Moon Well
05:12 Tree of Ages
06:08 Tree of Life
06:22 Ancient Protector
07:13 Moon Well
07:44 Ancient of Lore
09:43 Tree of Eternity
10:08 Ancient Protector
10:30 Ancient of Wind
10:34 Moon Well
11:42 Moon Well
12:52 Ancient of Lore
13:01 Ancient Protector
14:37 Moon Well
23:02 Moon Well
23:09 Altar of Elders
» items
| Lesser Clarity Potion | 3 | |
| Periapt of Vitality | 1 | |
| Scroll of Town Portal | 3 | |
| Potion of Healing | 3 | |
| Potion of Mana | 2 | |
| Scroll of Healing | 2 | |
| Orb of Lightning | 1 | |
| Scroll of Speed | 1 | |
| Healing Salve | 1 | |
| Staff of Teleportation | 1 | |
| Potion of Lesser Invulnerability | 1 | |
19 total
YeahYeahYeahs (
purple | 66 APM | 3575 actions | 54:33)
10 Blademaster
3 Wind Walk
3 Critical Strike
1 Bladestorm
3 Mirror Image
» actions
| Assign group hotkey | 491 | |
| Basic commands | 133 | |
| Build / train | 85 | |
| Enter build submenu | 63 | |
| Enter hero's abilities submenu | 10 | |
| Give item / drop item | 14 | |
| Remove unit from queue | 5 | |
| Right click | 1679 | |
| Select / deselect | 415 | |
| Select group hotkey | 335 | |
| Use ability | 345 | |
3575 total
» units
| Peon | 14 | |
| Grunt | 7 | |
| Goblin Shredder | 1 | |
| Wind Rider | 9 | |
| Troll Batrider | 8 | |
39 total
» upgrades
| Troll Regeneration | 1 | |
| Ranged Weapons | 3 | |
| Liquid Fire | 1 | |
| Reinforced Defenses | 1 | |
| Armor | 3 | |
| Spiked Barricades | 3 | |
| Pillage | 1 | |
| Envenomed Spears | 1 | |
| Ensnare | 1 | |
15 total
» buildings
| Altar of Storms | 1 | |
| Orc Burrow | 8 | |
| Barracks | 1 | |
| Voodoo Lounge | 1 | |
| Stronghold | 1 | |
| Great Hall | 2 | |
| War Mill | 2 | |
| Beastiary | 4 | |
| Watch Tower | 54 | |
| Fortress | 1 | |
75 total
» build order
00:38 Altar of Storms
00:44 Orc Burrow
01:06 Barracks
01:24 Orc Burrow
02:02 Voodoo Lounge
03:04 Stronghold
05:11 Great Hall
05:24 War Mill
06:51 Beastiary
06:52 Beastiary
06:57 Watch Tower
06:58 Watch Tower
06:58 Watch Tower
06:58 Watch Tower
07:16 Orc Burrow
09:57 Beastiary
09:58 Beastiary
10:22 Fortress
10:28 Watch Tower
10:28 Watch Tower
10:28 Watch Tower
10:29 Watch Tower
10:30 Watch Tower
10:32 Watch Tower
12:17 Orc Burrow
12:32 Watch Tower
12:32 Watch Tower
12:32 Watch Tower
12:33 Watch Tower
12:34 Watch Tower
13:01 War Mill
17:28 Watch Tower
17:29 Watch Tower
17:29 Watch Tower
17:30 Watch Tower
17:30 Watch Tower
17:31 Watch Tower
17:32 Watch Tower
17:34 Watch Tower
17:35 Watch Tower
19:29 Watch Tower
19:29 Watch Tower
19:29 Watch Tower
19:30 Watch Tower
19:31 Watch Tower
19:31 Watch Tower
19:32 Watch Tower
19:32 Watch Tower
20:24 Orc Burrow
21:42 Watch Tower
21:43 Watch Tower
21:43 Watch Tower
21:44 Watch Tower
21:45 Watch Tower
21:45 Watch Tower
21:46 Watch Tower
21:46 Watch Tower
22:43 Great Hall
22:45 Watch Tower
22:45 Watch Tower
22:46 Watch Tower
22:48 Watch Tower
22:48 Watch Tower
23:20 Watch Tower
23:21 Watch Tower
23:21 Watch Tower
23:21 Watch Tower
23:23 Watch Tower
23:23 Watch Tower
23:23 Watch Tower
23:24 Watch Tower
26:26 Orc Burrow
26:30 Orc Burrow
32:18 Orc Burrow
» items
| Healing Salve | 5 | |
| Scroll of Town Portal | 2 | |
| Boots of Speed | 1 | |
| Periapt of Vitality | 1 | |
| Potion of Lesser Invulnerability | 1 | |
| Potion of Healing | 1 | |
| Lesser Clarity Potion | 1 | |
| Orb of Lightning | 1 | |
13 total
orcman. (
teal | 48 APM | 2614 actions | 54:33)
9 Blademaster
3 Wind Walk
3 Critical Strike
1 Bladestorm
2 Mirror Image
3 Shadow Hunter
1 Hex
2 Healing Wave
» actions
| Assign group hotkey | 30 | |
| Basic commands | 136 | |
| Build / train | 70 | |
| Enter build submenu | 25 | |
| Enter hero's abilities submenu | 12 | |
| Give item / drop item | 4 | |
| Right click | 914 | |
| Select / deselect | 282 | |
| Select group hotkey | 931 | |
| Use ability | 210 | |
2614 total
» units
| Peon | 15 | |
| Wind Rider | 13 | |
| Goblin Shredder | 1 | |
29 total
» upgrades
| Envenomed Spears | 1 | |
| Reinforced Defenses | 1 | |
| Ranged Weapons | 3 | |
| Armor | 3 | |
| Liquid Fire | 1 | |
9 total
» buildings
| Altar of Storms | 1 | |
| Orc Burrow | 9 | |
| War Mill | 1 | |
| Stronghold | 1 | |
| Beastiary | 3 | |
| Fortress | 1 | |
| Voodoo Lounge | 2 | |
| Great Hall | 3 | |
| Watch Tower | 20 | |
41 total
» build order
00:07 Altar of Storms
00:21 Orc Burrow
00:45 War Mill
02:12 Stronghold
02:34 Orc Burrow
02:36 Orc Burrow
04:24 Orc Burrow
04:41 Beastiary
04:42 Beastiary
05:02 Fortress
08:14 Orc Burrow
10:01 Voodoo Lounge
10:57 Voodoo Lounge
12:23 Orc Burrow
13:52 Orc Burrow
14:17 Beastiary
15:27 Orc Burrow
15:47 Great Hall
15:50 Great Hall
21:41 Watch Tower
21:41 Watch Tower
21:42 Watch Tower
21:42 Watch Tower
21:43 Watch Tower
21:43 Watch Tower
21:43 Watch Tower
23:16 Watch Tower
23:30 Watch Tower
23:30 Watch Tower
23:32 Watch Tower
23:33 Watch Tower
23:37 Watch Tower
23:37 Watch Tower
23:38 Watch Tower
24:32 Watch Tower
24:33 Watch Tower
24:34 Watch Tower
24:52 Watch Tower
24:57 Watch Tower
29:17 Orc Burrow
34:34 Great Hall
» items
| Staff of Teleportation | 1 | |
| Rod of Necromancy | 1 | |
| Tiny Great Hall | 1 | |
| Potion of Lesser Invulnerability | 2 | |
| Potion of Invisibility | 1 | |
| Scroll of Healing | 1 | |
| Scroll of Town Portal | 3 | |
| Orb of Lightning | 1 | |
| Potion of Healing | 1 | |
| Potion of Mana | 1 | |
| Boots of Speed | 1 | |
14 total

»
DeN[A]Li (
red | 74 APM | 1041 actions | 13:58)
2 Death Knight
1 Death Coil
1 Unholy Aura
1 Dark Ranger
1 Black Arrow
» actions
| Assign group hotkey | 12 | |
| Basic commands | 46 | |
| Build / train | 44 | |
| ESC pressed | 8 | |
| Enter build submenu | 19 | |
| Enter hero's abilities submenu | 3 | |
| Right click | 443 | |
| Select / deselect | 189 | |
| Select group hotkey | 215 | |
| Use ability | 62 | |
1041 total
» units
» buildings
| Altar of Darkness | 1 | |
| Crypt | 2 | |
| Ziggurat | 3 | |
| Tomb of Relics | 1 | |
| Halls of the Dead | 3 | |
| Graveyard | 1 | |
| Black Citadel | 1 | |
| Temple of the Damned | 1 | |
| Necropolis | 7 | |
20 total
» build order
00:54 Altar of Darkness
00:57 Crypt
00:59 Ziggurat
01:16 Crypt
01:51 Ziggurat
02:26 Tomb of Relics
04:10 Ziggurat
04:55 Halls of the Dead
04:55 Halls of the Dead
05:27 Graveyard
07:16 Black Citadel
07:20 Temple of the Damned
09:34 Necropolis
09:36 Necropolis
09:40 Necropolis
09:43 Necropolis
09:46 Necropolis
12:17 Necropolis
12:20 Necropolis
» items
| Rod of Necromancy | 3 | |
| Dust of Appearance | 3 | |
| Boots of Speed | 1 | |
7 total
team 2 (winner)

»
NOTP (
orange | 58 APM | 1603 actions | 27:25)
5 Demon Hunter
3 Immolation
2 Mana Burn
4 Shadow Hunter
2 Healing Wave
2 Hex
4 Priestess of the Moon
2 Trueshot Aura
2 Searing Arrows
4 Far Seer
2 Feral Spirit
2 Chain Lighting
» actions
| Assign group hotkey | 22 | |
| Basic commands | 60 | |
| Build / train | 95 | |
| Enter build submenu | 39 | |
| Enter hero's abilities submenu | 17 | |
| Right click | 316 | |
| Select / deselect | 302 | |
| Select group hotkey | 636 | |
| Use ability | 116 | |
1603 total
» units
| Wisp | 15 | |
| Archer | 5 | |
| Peon | 5 | |
| Huntress | 1 | |
| Dryad | 16 | |
| Tauren | 8 | |
| Troll Witch Doctor | 4 | |
| Shaman | 5 | |
59 total
» upgrades
| Abolish Magic | 1 | |
| Armor | 1 | |
| Strength of the Moon | 2 | |
| Witch Doctor Training | 2 | |
| Shaman Training | 2 | |
| Pulverize | 1 | |
| Melee Weapons | 2 | |
11 total
» buildings
| Altar of Elders | 1 | |
| Moon Well | 7 | |
| Ancient of War | 1 | |
| Altar of Storms | 2 | |
| Orc Burrow | 9 | |
| Tree of Ages | 1 | |
| Hunter's Hall | 1 | |
| Stronghold | 1 | |
| Voodoo Lounge | 1 | |
| Tree of Eternity | 1 | |
| Ancient of Lore | 4 | |
| Ancient of Wonders | 1 | |
| Fortress | 1 | |
| Spirit Lodge | 3 | |
| Tauren Totem | 2 | |
| Ancient of Wind | 1 | |
| Chimaera Roost | 2 | |
39 total
» build order
00:15 Altar of Elders
00:20 Moon Well
01:16 Ancient of War
01:29 Moon Well
02:39 Altar of Storms
02:42 Orc Burrow
02:48 Altar of Storms
02:56 Tree of Ages
03:16 Hunter's Hall
03:46 Moon Well
04:42 Moon Well
04:46 Stronghold
04:49 Orc Burrow
04:57 Voodoo Lounge
05:37 Moon Well
06:01 Orc Burrow
06:08 Tree of Eternity
06:12 Ancient of Lore
06:43 Ancient of Lore
07:07 Ancient of Wonders
07:16 Fortress
07:46 Ancient of Lore
07:53 Spirit Lodge
07:56 Orc Burrow
08:40 Orc Burrow
08:43 Spirit Lodge
09:48 Tauren Totem
10:02 Tauren Totem
10:31 Spirit Lodge
10:54 Moon Well
11:14 Orc Burrow
11:52 Moon Well
15:56 Orc Burrow
16:10 Orc Burrow
16:38 Ancient of Lore
17:31 Ancient of Wind
19:57 Orc Burrow
20:42 Chimaera Roost
20:44 Chimaera Roost
arthalone20 (
yellow | 50 APM | 2074 actions | 41:17)
4 Archmage
2 Summon Water Elemental
2 Blizzard
» actions
| Assign group hotkey | 30 | |
| Basic commands | 2 | |
| Build / train | 64 | |
| ESC pressed | 1 | |
| Enter build submenu | 20 | |
| Enter hero's abilities submenu | 5 | |
| Give item / drop item | 1 | |
| Right click | 1445 | |
| Select / deselect | 288 | |
| Select group hotkey | 156 | |
| Use ability | 62 | |
2074 total
» units
| Peasant | 16 | |
| Footman | 3 | |
| Rifleman | 6 | |
| Makrura Deepseer | 1 | |
| Gryphon Rider | 6 | |
| Flying Machine | 1 | |
| Knight | 10 | |
| Mortar Team | 1 | |
| Wisp | 1 | |
45 total
» upgrades
| Gunpowder | 1 | |
| Armor | 1 | |
| Defend | 1 | |
| Plating | 1 | |
| Long Rifles | 1 | |
| Storm Hammers | 1 | |
| Animal War Training | 1 | |
| Spirit Walker Training | 1 | |
8 total
» buildings
| Lumber Mill | 1 | |
| Altar of Kings | 1 | |
| Barracks | 1 | |
| Farm | 14 | |
| Blacksmith | 1 | |
| War Mill | 1 | |
| Keep | 1 | |
| Gryphon Aviary | 1 | |
| Castle | 1 | |
| Workshop | 1 | |
| Scout Tower | 15 | |
| Town Hall | 1 | |
| Guard Tower | 1 | |
| Tree of Life | 1 | |
41 total
» build order
00:09 Lumber Mill
00:13 Altar of Kings
00:36 Barracks
01:13 Farm
01:14 Farm
01:15 Farm
01:15 Farm
01:17 Farm
01:17 Farm
01:57 Blacksmith
03:30 War Mill
04:34 Farm
04:35 Farm
04:36 Farm
07:40 Keep
11:11 Gryphon Aviary
11:13 Castle
13:02 Workshop
14:20 Scout Tower
14:24 Scout Tower
14:26 Scout Tower
16:05 Scout Tower
16:06 Scout Tower
16:08 Scout Tower
16:10 Scout Tower
16:11 Scout Tower
16:13 Scout Tower
16:14 Scout Tower
16:16 Scout Tower
16:17 Scout Tower
16:19 Scout Tower
16:20 Scout Tower
16:22 Scout Tower
22:04 Town Hall
25:12 Farm
25:13 Farm
25:14 Farm
25:14 Farm
25:15 Farm
29:57 Guard Tower
31:48 Tree of Life
» items
| Scroll of Town Portal | 2 | |
| Circlet of Nobility | 1 | |
3 total

»
fighter (
blue | 26 APM | 1430 actions | 54:33)
5 Death Knight
3 Death Coil
2 Unholy Aura
2 Dreadlord
1 Sleep
1 Vampiric Aura
1 Shadow Hunter
1 Healing Wave
1 Far Seer
1 Feral Spirit
» actions
| Assign group hotkey | 38 | |
| Basic commands | 9 | |
| Build / train | 98 | |
| Enter build submenu | 44 | |
| Enter hero's abilities submenu | 9 | |
| Right click | 690 | |
| Select / deselect | 378 | |
| Select group hotkey | 63 | |
| Use ability | 101 | |
1430 total
» units
| Acolyte | 26 | |
| Ghoul | 4 | |
| Peon | 7 | |
| Crypt Fiend | 18 | |
| Gargoyle | 10 | |
| Obsidian Statue | 1 | |
| Frost Wyrm | 3 | |
69 total
» upgrades
| Creature Attack | 2 | |
| Web | 1 | |
| Creature Carapace | 1 | |
| Burrow | 1 | |
| Freezing Breath | 1 | |
6 total
» buildings
| Ziggurat | 15 | |
| Altar of Darkness | 1 | |
| Crypt | 2 | |
| Graveyard | 1 | |
| Halls of the Dead | 1 | |
| Tomb of Relics | 1 | |
| Spirit Tower | 5 | |
| Nerubian Tower | 1 | |
| Black Citadel | 1 | |
| Sacrificial Pit | 1 | |
| Slaughterhouse | 1 | |
| Boneyard | 1 | |
| Great Hall | 1 | |
| Necropolis | 5 | |
| Tree of Ages | 2 | |
| Moon Well | 1 | |
| Tree of Life | 1 | |
41 total
» build order
00:18 Ziggurat
00:34 Altar of Darkness
00:52 Crypt
01:59 Graveyard
02:28 Ziggurat
03:04 Halls of the Dead
03:58 Tomb of Relics
04:04 Ziggurat
04:21 Spirit Tower
05:05 Spirit Tower
06:17 Ziggurat
06:44 Ziggurat
07:15 Nerubian Tower
07:31 Ziggurat
10:49 Black Citadel
11:25 Ziggurat
11:27 Sacrificial Pit
12:44 Slaughterhouse
12:51 Crypt
13:43 Spirit Tower
18:07 Boneyard
18:21 Ziggurat
19:31 Ziggurat
21:42 Spirit Tower
25:55 Ziggurat
26:31 Great Hall
26:51 Ziggurat
27:08 Ziggurat
27:11 Ziggurat
27:13 Ziggurat
29:41 Spirit Tower
34:33 Necropolis
34:57 Ziggurat
35:05 Necropolis
35:11 Tree of Ages
35:11 Tree of Ages
35:47 Moon Well
36:30 Necropolis
37:01 Necropolis
37:30 Tree of Life
37:46 Necropolis
» items
Chat log
(00:12 / Allies) orcman.: last game for a while gonna eat
(00:13 / Allies) orcman.: after
(00:15 / All) Born_in_USSR: NOOBS VS NOOBS GOOD!
(00:18 / Allies) YeahYeahYeahs: I'm gonna watch survivor
(00:28 / Allies) YeahYeahYeahs: Last game for today I think
(00:38 / All) DeN[A]Li: who the fuck cares about your schedule
(00:44 / All) DeN[A]Li: did anyone ask if you're going to play another u fucking faggot
(01:01 / Allies) YeahYeahYeahs: I'm talking to my friend, bozo
(01:03 / All) DeN[A]Li: obese clown
(01:06 / All) DeN[A]Li: i dont give a fuck
(01:13 / Allies) YeahYeahYeahs: I weigh 165 lbs, sir
(01:24 / All) DeN[A]Li: you dont weigh much u skinny fuckin hipster
(01:34 / Allies) YeahYeahYeahs: You don't even know my height
(01:36 / Allies) orcman.: red is a god shut up purple u suck compared to him
(01:39 / All) DeN[A]Li: i dont give a fuck
(02:10 / All) DeN[A]Li: I
(02:11 / All) DeN[A]Li: DONT
(02:12 / All) DeN[A]Li: GIVE
(02:13 / All) DeN[A]Li: A
(02:14 / All) DeN[A]Li: FUCK
(02:15 / All) TemplerKnights: frevbvwin
(02:15 / All) DeN[A]Li: U
(02:16 / All) DeN[A]Li: FUCKING
(02:18 / All) DeN[A]Li: FAGGOTS
(02:19 / All) TemplerKnights: free win
(02:23 / All) DeN[A]Li: BECAUSE U SUCK?
(02:25 / Allies) YeahYeahYeahs: You're edgy
(02:27 / Allies) YeahYeahYeahs: That's cool
(02:37 / Allies) DeN[A]Li: rush they have an afk
(02:40 / All) arthalone20: omfg -.-
(04:03 / Allies) DeN[A]Li: go
(06:40 / All) DeN[A]Li: its gg leave
(06:44 / All) arthalone20: gg team noob
(06:48 / All) DeN[A]Li: u suck dick
(06:52 / All) DeN[A]Li: the fuck u mean team noob
(06:54 / All) DeN[A]Li: u are garbage
(07:29 / Allies) DeN[A]Li: 100 lumber
(08:36 / Allies) DeN[A]Li: dont get air
(08:41 / Allies) YeahYeahYeahs: expo teal
(08:42 / Allies) orcman.: suck my dick
(08:55 / Allies) DeN[A]Li: k have fun dying
(09:01 / Allies) orcman.: u aint shit nigga
(09:24 / Allies) DeN[A]Li: 1 sec lemme feed
(09:27 / Allies) YeahYeahYeahs: expo teal
(09:52 / Allies) YeahYeahYeahs: lawl you sure are a whiny faggot
(09:56 / Allies) DeN[A]Li: you lose
(10:07 / Allies) orcman.: we're on new accounts why would we want to win
(10:08 / Allies) YeahYeahYeahs: oh no on our 0-0 accounts lol
(10:08 / Allies) orcman.: idiot
(10:18 / Allies) DeN[A]Li: you made new accounts for this game?
(10:21 / Allies) orcman.: u gave up cuz u knew i would rape u
(10:22 / Allies) DeN[A]Li: bro its 10 years old
(10:30 / Allies) DeN[A]Li: you made
(10:32 / Allies) DeN[A]Li: a new acc
(10:34 / Allies) DeN[A]Li: for wc3
(10:40 / Allies) DeN[A]Li: check my acc
(10:42 / Allies) orcman.: red shut up nigga u
(10:42 / Allies) DeN[A]Li: see how much i give as hit
(10:46 / Allies) orcman.: i know u do
(10:47 / Allies) DeN[A]Li: the fuck is nigga
(10:51 / Allies) orcman.: if u didnt give a shit u would leave
(10:51 / Allies) YeahYeahYeahs: expo
(10:57 / Allies) DeN[A]Li: stop talking like a disgusting uneducated black trash faggot
(11:00 / Allies) YeahYeahYeahs: kill the halls green
(11:30 / All) DeN[A]Li: purp massing towers
(11:38 / All) DeN[A]Li: going air
(11:41 / All) DeN[A]Li: teal has all wyvern
(11:48 / All) DeN[A]Li: green has 3 archers and 3 hunts
(11:50 / All) DeN[A]Li: might wanna hit
(11:51 / All) DeN[A]Li: theyre fucked
(11:55 / All) DeN[A]Li: pz
(11:59 / All) DeN[A]Li: theyre going to expo my base as well
(12:05 / All) DeN[A]Li: im 2nd from bottom
(12:10 / All) DeN[A]Li: unsummoned everything
(13:00 / All) DeN[A]Li: purp has bats
(13:01 / All) DeN[A]Li: hes coming
(13:04 / All) DeN[A]Li: 5 beastiarys
(13:14 / All) DeN[A]Li: hes at top
(13:17 / All) DeN[A]Li: going for mid top expo
(13:27 / All) DeN[A]Li: teal is there
(13:40 / All) DeN[A]Li: yellow suicide
(13:42 / All) DeN[A]Li: god hes bad
(13:58 / All) DeN[A]Li: cya
(15:00 / Allies) YeahYeahYeahs: tp
(16:24 / Allies) orcman.: ;pst
(16:57 / All) YeahYeahYeahs: whatevs
(17:12 / Allies) YeahYeahYeahs: been chatting with red says I was mad lozl
(17:40 / Allies) orcman.: wtf is green
(17:41 / Allies) orcman.: doign
(19:12 / Allies) Born_in_USSR: help
(19:35 / Allies) orcman.: why are we even fighting this its not oru job
(19:50 / Allies) Born_in_USSR: y idiots team
(19:56 / Allies) orcman.: lawl
(20:04 / Allies) orcman.: no way does red and green deserve this
(21:30 / Allies) YeahYeahYeahs: tower up
(23:07 / Allies) YeahYeahYeahs: tower your hall
(23:24 / Allies) orcman.: gold
(27:35 / All) orcman.: stay
(27:37 / All) orcman.: yellow
(27:47 / All) orcman.: yellow u here?
(27:51 / All) orcman.: we'll give u the win ok?
(27:51 / Allies) Born_in_USSR: gold plz
(27:51 / All) arthalone20: ?
(28:05 / Allies) Born_in_USSR: gold?
(28:16 / Allies) Born_in_USSR: purp
(28:23 / All) arthalone20: gg
(28:28 / All) orcman.: stay idiot
(28:28 / Allies) YeahYeahYeahs: We are doing a Mexican Standoff
(28:47 / Allies) YeahYeahYeahs: We're killing both teams except for oen building
(28:48 / Allies) Born_in_USSR: nice idiot
(28:52 / Allies) YeahYeahYeahs: only way to win is if other team leaves
(28:59 / Allies) YeahYeahYeahs: We're gonna leave oyu here
(29:48 / All) arthalone20: lol why u kill my base so ?
(29:57 / All) orcman.: we're makign it a standoff
(30:08 / All) orcman.: we're gonna kill all units on both side and leave one building then leave game
(30:09 / All) arthalone20: gg for me
(30:23 / Allies) Born_in_USSR: purp idiot give me gold
(30:41 / All) Born_in_USSR: ha-ha
(31:00 / All) Born_in_USSR: blu no gold?
(32:36 / Allies) orcman.: cant find greens last wisp
(32:52 / Allies) Born_in_USSR: idiots teal & purp
(32:53 / Allies) orcman.: oh de tonated
(33:06 / All) orcman.: yellow u hear me
(33:10 / All) arthalone20: ?
(33:13 / All) orcman.: all units will die on both side and we'll leave game k?
(33:22 / All) orcman.: person with best internet connection wins
(33:41 / All) arthalone20: u kill All and I win ?
(33:44 / All) arthalone20: really ?
(33:49 / All) orcman.: thats not what i said
(33:50 / All) arthalone20: u think i'm noob ?
(33:52 / All) arthalone20: lol
(33:59 / All) orcman.: we're on new accounts we have no reason to lie
(34:03 / All) orcman.: we killed red and green
(34:26 / Allies) orcman.: lets kill blue
(34:54 / All) Born_in_USSR: leave noobs
(35:21 / Allies) orcman.: lawl
(35:23 / Allies) orcman.: look at that
(35:27 / Allies) orcman.: ur peons got me trapped
(35:52 / All) arthalone20: blue have 3 bases
(35:53 / All) arthalone20: lol
(35:59 / All) Born_in_USSR: my team 2 idiots purp & teal
(36:09 / All) fighter: 5
(36:28 / All) orcman.: arent u a disc hacker blue
(36:41 / All) orcman.: remember cody?
(36:43 / All) YeahYeahYeahs: Oh, that fighter
(37:00 / All) orcman.: we'll leave ur towers yellow
(38:00 / Allies) YeahYeahYeahs: Red is such a dumb faggot
(38:11 / Allies) orcman.: that would be correct
(38:12 / Allies) YeahYeahYeahs: If plan A doesn't work or allies don't want to listen to him
(38:15 / Allies) YeahYeahYeahs: then he rages
(39:52 / All) arthalone20: ?
(40:00 / All) orcman.: what
(40:11 / All) YeahYeahYeahs: It's called a MExican Standoff
(40:22 / All) YeahYeahYeahs: We're going to leave you with no units, and no way to produce units
(40:37 / All) orcman.: same for on our side
(40:38 / All) YeahYeahYeahs: The man with the most testicular fortitude will win this game
(40:40 / All) orcman.: its not hard logic
(40:55 / All) YeahYeahYeahs: Only way you win is if your enemy loses his grit, and decides
(41:00 / All) YeahYeahYeahs: he ain't cut out for this line of work
(41:36 / All) YeahYeahYeahs: I always knew he was yellow
(41:40 / All) YeahYeahYeahs: A yeller-bellied coward
(42:07 / All) orcman.: orange u here
(42:14 / All) orcman.: i think orange was the stabber not sure
(42:17 / All) YeahYeahYeahs: Orange lost his nerve a long time ago
(42:28 / All) YeahYeahYeahs: Pink
(42:28 / All) orcman.: ohb lue is still there
(42:39 / All) YeahYeahYeahs: That pinko commie sissy already left
(43:01 / All) YeahYeahYeahs: Got one look o' me and decided he didn't want no part in these festivities
(44:39 / All) orcman.: scout our bases
(44:42 / All) orcman.: we are killing our bases
(46:32 / Allies) orcman.: build a builling ?
(47:08 / Allies) YeahYeahYeahs: did they ever get revealed
(47:14 / Allies) orcman.: dont think so
(47:15 / Allies) orcman.: now
(47:16 / Allies) orcman.: alwl
(47:17 / Allies) YeahYeahYeahs: just now
(47:18 / Allies) YeahYeahYeahs: lozl
(47:26 / Allies) orcman.: im gonnna reveal
(47:27 / Allies) YeahYeahYeahs: see anything suspicious
(47:31 / Allies) orcman.: saw blue
(47:32 / Allies) orcman.: there
(47:45 / Allies) orcman.: nvm just my imagination
(48:38 / All) orcman.: ONE DAY
(48:53 / All) orcman.: we should do a standoff where we live like 5 units like grunts and build 500 towers on each side
(49:00 / All) orcman.: should be a map with fountain
(49:01 / Allies) YeahYeahYeahs: lozl
(49:11 / All) orcman.: and let them try and micro the 5 grunts left standing
(49:19 / All) orcman.: or
(49:31 / Allies) YeahYeahYeahs: stats blue and look how pathetic he played
(49:33 / All) orcman.: hundreds of shops and just leave like 1 or 2 peasants
(50:18 / All) orcman.: similar to what i remember it at
(50:21 / All) orcman.: blue do u remember us
(50:29 / All) orcman.: a month ago on "golems in the mist"
(50:32 / All) orcman.: with cody
(51:01 / Allies) YeahYeahYeahs: Well I'm gonna start killing my things
(51:22 / All) orcman.: show urself killing u runits
(51:26 / All) orcman.: by yellows base
(51:38 / All) orcman.: or not
(51:49 / Allies) orcman.: give me godl so i can reveal
(53:40 / Allies) orcman.: that would have been dumb
(53:40 / All) YeahYeahYeahs: I wish you luck gentlemen
(53:56 / Allies) YeahYeahYeahs: He doesn't have the gold to do anything with it
(53:59 / Allies) YeahYeahYeahs: About 40
(54:27 / All) orcman.: good luck fellows
(54:31 / All) YeahYeahYeahs: Adios